Map: Dusk Towers

Players

llllllllllll - Winner!

  • Race: Protoss Protoss
  • League: Master

TömmelPömmel

  • Race: Zerg Zerg
  • League: Master

VOD

Have the link to the VOD?

Description

Time

  • Played on: March 27, 2016, 10:54 a.m.
  • Length: 10:02
Show
View Real Time Build Order
Export as new Build Order

llllllllllll Protoss - Winner!

Build Orders: 1 Gate Expand, Zealot Archon, Dark Templar Rush 

Get SALT Encoding   

  12  0:01  Probe (Chrono Boost)  
  13  0:12  Probe (Chrono Boost)  
  14  0:18  Pylon  
  14  0:22  Probe (Chrono Boost)  
  15  0:36  Probe (Chrono Boost)  
  15  0:37  Gateway  
  16  0:46  Probe (Chrono Boost)  
  16  0:47  Assimilator  
  18  0:57  Probe (Chrono Boost)  
  18  1:07  Probe (Chrono Boost)  
  19  1:20  Nexus  
  19  1:22  Probe (Chrono Boost)  
  20  1:28  Zealot (Chrono Boost)  
  22  1:41  Cybernetics Core  
  22  1:45  Pylon  
  22  1:50  Assimilator  
  22  1:52  Probe (Chrono Boost)  
  23  2:00  Pylon  
  23  2:03  Probe (Chrono Boost)  
  24  2:18  Stalker, Mothership Core (Chrono Boost)  
  28  2:25  Warp Gate  
  28  2:33  Probe (Chrono Boost)  
  28  2:36  Probe (Chrono Boost)  
  30  2:44  Probe (Chrono Boost)  
  31  2:47  Probe (Chrono Boost)  
  32  2:51  Twilight Council  
  32  2:54  Probe (Chrono Boost)  
  32  2:55  Stalker  
  32  2:57  Probe (Chrono Boost)  
  36  3:05  Probe (Chrono Boost)  
  37  3:08  Probe (Chrono Boost)  
  38  3:16  Robotics Facility  
  38  3:17  Probe (Chrono Boost)  
  38  3:19  Probe (Chrono Boost)  
  40  3:28  Probe (Chrono Boost)  
  40  3:29  Probe (Chrono Boost)  
  42  3:39  Probe (Chrono Boost)  
  42  3:40  Probe (Chrono Boost), Dark Shrine  
  44  3:49  Probe (Chrono Boost)  
  44  3:50  Probe (Chrono Boost)  
  44  3:53  Gateway  
  44  3:55  Gateway x2  
  46  4:00  Probe (Chrono Boost)  
  46  4:01  Probe (Chrono Boost)  
  48  4:05  Warp Prism (Chrono Boost)  
  50  4:15  Probe  
  50  4:16  Probe  
  52  4:18  Assimilator  
  52  4:21  Pylon  
  52  4:23  Assimilator  
  52  4:25  Pylon x2  
  52  4:30  Probe  
  52  4:32  Probe  
  52  4:36  Pylon  
  54  4:41  Probe (Chrono Boost)  
  54  4:44  Probe (Chrono Boost)  
  56  4:53  Probe (Chrono Boost)  
  56  4:56  Probe (Chrono Boost)  
  58  5:03  Dark Templar x4  
  58  5:06  Probe x2 (Chrono Boost)  
  68  5:16  Probe (Chrono Boost)  
  68  5:17  Probe (Chrono Boost)  
  70  5:27  Probe x2 (Chrono Boost)  
  72  5:41  Probe x2 (Chrono Boost), Charge (Chrono Boost)  
  73  5:43  Zealot  
  73  5:44  Zealot x3  
  81  6:01  Immortal (Chrono Boost)  
  81  6:02  Probe  
  86  6:05  Pylon  
  86  6:06  Pylon  
  86  6:08  Pylon  
  86  6:10  Nexus  
  86  6:23  Probe x2  
  88  6:30  Dark Templar x4  
  96  6:35  Probe x2  
  96  6:36  Pylon  
  96  6:39  Pylon  
  98  6:42  Immortal (Chrono Boost)  
  102  6:47  Probe x2  
  102  6:52  Archon x3  
  102  6:53  Archon  
  104  6:59  Probe x2  
  106  7:03  Zealot x4  
  114  7:09  Gateway  
  114  7:11  Gateway  
  114  7:13  Gateway  
  114  7:15  Gateway  
  114  7:20  Immortal (Chrono Boost), Gateway  
  114  7:22  Gateway  
  118  7:32  Dark Templar x4  
  126  7:38  Pylon  
  126  7:39  Archon x2, Pylon  
  126  7:49  Pylon x2  
  126  7:54  Observer (Chrono Boost)  
  127  8:15  Dark Templar x3  
  127  8:16  Zealot x6  
  127  8:17  Zealot  
  147  8:25  Observer (Chrono Boost)  
  132  8:42  Zealot x5  
  132  8:43  Zealot x2  
  132  8:45  Observer (Chrono Boost)  
  127  9:05  Dark Templar x2  
  127  9:06  Dark Templar, Zealot x5  
  139  9:08  Zealot  
  139  9:09  Zealot  
  139  9:18  Assimilator  
  139  9:19  Assimilator  
  139  9:24  Observer (Chrono Boost)  
  139  9:32  Dark Templar x2, Zealot  
  139  9:33  Zealot x4  
  139  9:38  Zealot x3  
  139  9:59  Zealot x3  
Show
View Real Time Build Order
Export as new Build Order

TömmelPömmel Zerg 

Build Orders: Hatch First, Lurkers 

Get SALT Encoding   

  12  0:01  Drone  
  13  0:12  Overlord  
  13  0:19  Drone  
  14  0:30  Drone  
  14  0:31  Drone  
  14  0:34  Drone  
  17  0:58  Hatchery  
  17  0:59  Drone  
  17  1:03  Drone  
  18  1:15  Drone  
  18  1:16  Extractor  
  18  1:26  Spawning Pool, Drone  
  18  1:39  Overlord  
  18  1:53  Drone  
  18  1:54  Drone  
  20  2:13  Drone  
  20  2:15  Queen x2  
  21  2:18  Metabolic Boost  
  21  2:21  Zergling x4  
  27  2:28  Zergling x2  
  28  2:31  Drone  
  29  2:42  Drone  
  29  2:43  Drone x2  
  32  2:56  Hatchery  
  31  3:02  Overlord  
  31  3:03  Drone x2  
  33  3:08  Drone x2  
  35  3:17  Overlord  
  35  3:19  Drone  
  36  3:20  Queen  
  38  3:27  Drone  
  38  3:28  Drone x2  
  38  3:33  Overlord  
  41  3:34  Drone x2  
  41  3:40  Overlord  
  43  3:46  Overlord  
  43  3:51  Roach Warren, Drone x2  
  43  3:55  Extractor  
  43  4:01  Drone x2  
  45  4:12  Queen  
  45  4:15  Extractor, Overlord  
  45  4:16  Drone x5  
  51  4:27  Overlord  
  51  4:31  Overlord  
  50  4:32  Lair  
  49  4:38  Overlord  
  49  4:44  Zergling x14  
  56  4:55  Roach  
  56  4:56  Roach x4  
  66  5:12  Spore Crawler  
  66  5:13  Spore Crawler  
  62  5:16  Spore Crawler, Zergling x8  
  65  5:24  Spore Crawler  
  65  5:25  Spore Crawler x2  
  62  5:30  Overseer  
  62  5:36  Overlord  
  59  5:47  Hatchery  
  59  5:50  Glial Reconstitution  
  54  6:06  Drone x3  
  57  6:18  Hydralisk Den, Drone x7  
  63  6:37  Overlord  
  63  6:38  Extractor, Drone x4  
  63  6:39  Drone  
  67  6:41  Extractor  
  66  6:47  Lurker Den  
  66  6:48  Hydralisk x3  
  72  6:58  Roach x4  
  72  7:01  Zergling x2  
  81  7:16  Queen  
  81  7:18  Roach x4  
  81  7:19  Drone  
  81  7:20  Drone x3  
  95  7:30  Drone  
  95  7:31  Drone x5  
  101  7:49  Hydralisk x3  
  107  7:52  Overlord  
  107  7:57  Extractor  
  105  8:00  Roach x3  
  105  8:01  Overlord x2  
  111  8:08  Overlord x2  
  111  8:13  Lurker  
  111  8:14  Lurker x5  
  111  8:16  Roach x2  
  121  8:21  Roach x2  
  121  8:22  Roach  
  93  8:42  Roach x5  
  103  8:50  Spore Crawler  
  103  8:51  Spore Crawler  
  90  8:56  Roach  
  90  8:57  Roach x8  
Tags
 
Add a new tag
Caveats
  • Supply blocks, unpowered buildings, or Contaminate may cause inaccurate times.
  • Supply counts are checked every 10 seconds.